 Dungeon Crawl Stone Soup version 0.28.0-53-g5a82cb258f (webtiles) character file.

Game seed: 14439865014011148322

17 DildoBatman the Conjurer (level 2, -4/19 HPs)
             Began as a Formicid Conjurer on July 7, 2022.
             Killed from afar by Natasha (6 damage)
             ... with a magic dart
             ... on level 1 of the Dungeon.
             The game lasted 00:01:55 (1287 turns).

DildoBatman the Conjurer (Formicid Conjurer)        Turns: 1287, Time: 00:01:55

Health: -4/19      AC:  3    Str: 11    XL:     2   Next: 80%
Magic:  5/5        EV: 12    Int: 17    God:
Gold:   11         SH:  0    Dex:  9    Spells: 2/5 levels left

rFire   . . .      SeeInvis +   h - +0 hunting sling
rCold   . . .      Faith    .   (no shield)
rNeg    . . .      Spirit   .   a - +0 robe
rPois   .          Reflect  .   (helmet unavailable)
rElec   .          Harm     .   d - +0 cloak
rCorr   .          Rampage  .   (no gloves)
Will    .....                   (no boots)
Stlth   ++........              (no amulet)
HPRegen 0.06/turn               (no ring)
MPRegen 0.09/turn               (no ring)

@: no status effects
A: permanent stasis, dig shafts and tunnels, antennae 3, four strong arms
a: Dig, Shaft Self


You were on level 1 of the Dungeon.
You visited 1 branch of the dungeon, and saw 2 of its levels.

You collected 11 gold pieces.

Inventory:

Hand Weapons
 b - a +0 short sword
 h - a +0 hunting sling (weapon)
Missiles
 e - 42 stones (quivered ammo)
Armour
 a - a +0 robe (worn)
 d - a +0 cloak (worn)
Jewellery
 g - a ring of protection from cold
Scrolls
 c - a scroll of teleportation {unknown}
 j - a scroll of vulnerability {unknown}
Potions
 f - 2 potions of curing {unknown}
 i - a potion of ambrosia {unknown}


   Skills:
 - Level 1.7 Dodging
 - Level 2.4 Stealth
 - Level 2.1 Spellcasting
 * Level 4.3 Conjurations


You had 2 spell levels left.
You knew the following spells:

 Your Spells              Type           Power      Damage    Failure   Level
a - Searing Ray           Conj           32%        2d5       4%          2
c - Magic Dart            Conj           64%        1d6       3%          1

Your spell library contained the following spells:

 Spells                   Type           Power      Damage    Failure   Level
 Dazzling Flash           Conj/Hex       18%        N/A       24%         3
 Fulminant Prism          Conj/Hex       4%         3d6       61%         4
 Iskenderun's Mystic Bla  Conj/Tloc      9%         2d4       61%         4


Dungeon Overview and Level Annotations

Branches:
Dungeon (2/15)

Altars:

Annotations:
D:1 Natasha


Innate Abilities, Weirdness & Mutations

You cannot be hasted, slowed, berserked, paralysed or teleported.
You can dig through walls and to a lower floor.
You have a pair of large antennae on your head. (SInv)
Your four strong arms can wield two-handed weapons with a shield.


Message History

j - a scroll labelled VOMAAT JAGG
e - 42 stones (gained 8) Natasha, Servant of Life and Death comes into view.
Natasha drinks a potion.
Natasha flickers and vanishes for a moment.
Natasha casts a spell.
Natasha stares at you and mumbles some strange words.
The magic dart hits you!
Natasha mumbles some strange words.
Natasha glows brightly for a moment.
Natasha claws you. Natasha casts a spell at you.
Your stasis prevents you from being slowed.
Natasha howls an incantation.
You feel troubled.
Natasha stares at you and mumbles some strange words.
You resist with significant effort.
There is a stone staircase leading up here.
You climb upwards.
There is a stone staircase leading down here.
You start resting.
HP restored.
You climb downwards.
Level annotation: Natasha Natasha growls.
There is a stone staircase leading up here.
Natasha barely misses you.
You climb upwards.
There is a stone staircase leading down here.
Natasha barely misses you. Natasha claws you!
Natasha wildly gestures.
Natasha glows brightly for a moment.
Natasha stares at you and mumbles some strange words.
The magic dart hits you!
Natasha stares at you and mumbles some strange words.
The magic dart hits you. Natasha casts a spell at you. The magic dart hits you.
You die...

#........# #.########
#.# #### #.# ...# #.#
##.# #.# ##.##
#.######## ....#
#.....^..# ##..#
##..#####@#
##..####...#####.#
##.............#.#
...#####...###.#h#######
#### ##..###........># #
#..##..........# #
#........####..# ##
##'###.#######..# .#
##...##.# #......#


You could see Natasha.

Vanquished Creatures
  A worm (D:2)
  A dart slug (D:1)
  2 endoplasms (D:1)
  A hobgoblin (D:1)
  2 kobolds
  A ball python (D:1)
  5 frilled lizards
  A rat (D:1)
14 creatures vanquished.

Notes
Turn   | Place    | Note
-------+----------+-------------------------------------------
     0 | D:1      | DildoBatman the Formicid Conjurer began the quest for the
                  | Orb.
     0 | D:1      | Reached XP level 1. HP: 13/13 MP: 3/3
   430 | D:1      | Reached XP level 2. HP: 19/19 MP: 3/5
   484 | D:1      | Learned a level 2 spell: Searing Ray
   496 | D:1      | Reached skill level 4 in Conjurations
   527 | D:1      | Found a faded altar of an unknown god.
  1028 | D:2      | Noticed Natasha
  1287 | D:1      | Killed from afar by Natasha

Illustrated notes

Levels and vault maps discovered:
D:1:      lightli_arrival_lavapool, layout_loops_corners,
          shapermc_ecumenical_altar_venn, minmay_tromino_v4_c
D:2:      layout_rooms, serial_glass, glass_columns_a, glass_columns_c,
          item_on_display_a, item_on_display_a, due_unseen_surprise,
          minmay_strange_pillars, uniq_natasha

Skill      XL: |  1  2 |
---------------+-------+-----
Conjurations   | 4 |  4.3
Dodging        | |  1.7
Stealth        | |  2.4
Spellcasting   | |  2.1

Action                   || total
-------------------------++-------
Melee: Short sword       ||    24
 Cast: Magic Dart        ||    14
       Searing Ray       ||     1
 Stab: Sleeping          ||     1
Armor: Robe              ||     3
Dodge: Dodged            ||    20
